 Dungeon Crawl Stone Soup version 0.22-a0-417-g1387785 (webtiles) character file.

90 Kairos the Skirmisher (level 4, -1/35 HPs)
             Began as a Demonspawn Fighter on May 14, 2018.
             Slain by a gnoll
             ... wielding a +2 whip of electrocution
              (13 damage)
             ... on level 2 of the Dungeon.
             The game lasted 00:01:46 (1704 turns).

Kairos the Skirmisher (Demonspawn Fighter)          Turns: 1704, Time: 00:01:46

Health: -1/35      AC:  8    Str: 17    XL:     4   Next: 32%
Magic:  4/4        EV:  7    Int:  9    God:
Gold:   90         SH:  9    Dex: 13    Spells: 3/3 levels left

rFire    + . .     SeeInvis .   a - +0 war axe
rCold    . . .     Gourm    .   c - +0 shield
rNeg     . . .     Faith    .   b - +0 scale mail
rPois    .         Spirit   .   (no helmet)
rElec    .         Reflect  .   (no cloak)
rCorr    .         Harm     .   (no gloves)
MR       .....                  (no boots)
Stlth    ..........             (no amulet)
HPRegen  0.11/turn              g - ring of protection from fire
MPRegen  0.09/turn              (no ring)

@: no status effects
A: molten scales 1, spiny 1
a: no special abilities


You were on level 2 of the Dungeon.
You were not hungry.

You visited 1 branch of the dungeon, and saw 2 of its levels.

You collected 90 gold pieces.

Inventory:

Hand Weapons
 a - a +0 war axe (weapon)
Armour
 b - a +0 scale mail (worn)
 c - a +0 shield (worn)
Jewellery
 g - a ring of protection from fire (left hand)
Scrolls
 h - a scroll of enchant armour {unknown}
 j - a scroll of identify {unknown}
Potions
 d - a potion of might
 e - a potion of resistance {unknown}
 i - a potion of invisibility {unknown}
 l - 2 potions of haste {unknown}
Comestibles
 f - 3 rations
 k - a chunk of flesh


   Skills:
 + Level 3.5 Fighting
 + Level 3.1 Axes
 + Level 3.0 Armour
 + Level 0.2 Dodging
 + Level 3.2 Shields


You had 3 spell levels left.
You didn't know any spells.
Your spell library was empty.

Dungeon Overview and Level Annotations

Branches:
Dungeon (2/15)

Altars:


Innate Abilities, Weirdness & Mutations

You are partially covered in molten scales. (AC +2)
You are partially covered in sharp spines.


Message History

The gnoll is struck by your spines.
The gnoll hits you with a whip of electrocution.
You barely miss the gnoll.
The gnoll is lightly wounded.
You block the gnoll's attack.
You closely miss the gnoll.
The gnoll is lightly wounded.
The gnoll hits you but does no damage.
You are electrocuted!
You are too injured to fight recklessly!
You are too injured to fight recklessly!
You are too injured to fight recklessly!
You are too injured to fight recklessly!
You closely miss the gnoll. You block the gnoll's attack.
The kobold is struck by your spines.
You kill the kobold!
The gnoll barely misses you.
You hit the gnoll.
The gnoll is lightly wounded.
The gnoll hits you but does no damage.
You are electrocuted!
You die...

#.# ..... ..#. ... ....
... #.# ... ... #.####
#.# #.# #...< # ##.## #.#
#..# ##.>###...###.# #..#
.##............# ...#
.###.###...###.# ##.##
..# #. ##@## #.#
#...##..# #.###.g.###.#
........# #.##.....##.#
.....#.####.#.......#.#
......................#
.#.#.#####..#..(....###
.............#.....##
##.##.####...##(.(#######
#.##.####...###.####...#
#


You could see a gnoll.

Vanquished Creatures
  2 adders (D:2)
  3 gnolls
  2 dart slugs (D:1)
  2 leopard geckos (D:1)
  4 bats
  2 goblins
  7 hobgoblins
  3 jackals (D:1)
  5 kobolds
  2 quokkas (D:2)
  2 rats (D:1)
34 creatures vanquished.

Notes
Turn   | Place    | Note
-------+----------+-------------------------------------------
     0 | D:1      | Kairos the Demonspawn Fighter began the quest for the Orb.
     0 | D:1      | Reached XP level 1. HP: 18/18 MP: 1/1
   535 | D:1      | Gained mutation: You are partially covered in molten scales. (AC +2) [demonic ancestry]
   535 | D:1      | Reached XP level 2. HP: 18/24 MP: 2/2
  1087 | D:2      | Gained mutation: You are partially covered in sharp spines. [demonic ancestry]
  1087 | D:2      | Reached XP level 3. HP: 17/29 MP: 3/3
  1529 | D:2      | Reached XP level 4. HP: 28/35 MP: 4/4
  1704 | D:2      | Slain by a gnoll

Vault maps used:
D:1:      dpeg_arrival_castle, minmay_misc_feat_four_crosses, glass_columns_a,
          minivault_4
D:2:      lemuel_round_altar

Skill      XL: |  1  2  3  4 |
---------------+-------------+-----
Shields        | 3 |  3.2
Armour         | 3 |  3.0
Axes           | 2 3 |  3.1
Fighting       | |  3.5
Dodging        | |  0.2

Action                   |  1- 3 |  4- 6 || total
-------------------------+-------+-------++-------
Melee: War axe           |   107 |    14 ||   121
  Eat: Chunk             |     2 |     1 ||     3
Armor: Scale mail        |    70 |     9 ||    79
Dodge: Dodged            |    35 |     4 ||    39
Block: Shield            |    73 |     7 ||    80

Table legend:
 A = Spawn XP
 B = Non-spawn XP
 C = Spawn XP percentage of total XP
 D = Spawn monster count
 E = Non-spawn monster count
 F = Spawn count percentage of total count
 G = Total turns spent on level
                    A         B        C        D         E        F      G
               +---------+---------+-------+---------+---------+-------+---------
         Total |       0 |     129 |   0.0 |       0 |      34 |   0.0 |  1704
               +---------+---------+-------+---------+---------+-------+---------
           D:1 |       0 |      54 |   0.0 |       0 |      20 |   0.0 |  1376
           D:2 |       0 |      75 |   0.0 |       0 |      14 |   0.0 |   328
               +---------+---------+-------+---------+---------+-------+---------
